AoeStats
← kOtH

Oasis

507647824Analyzed
4v4 RM · 13d ago on Sep 19, 2026· 31m 59s· 8 players
Game mode
Random Map
Map size
Large (8 player)
Population
200
Speed
Normal
Resources
Standard
Victory
Conquest
Starting age
Dark Age
Ending age
Imperial Age
RankedLock teamsTeams togetherTeam positionsShared explorationLock speedFull tech treeHidden civsTurbo modeCheats
Victory
Defeat
🇲🇽 Maya · Mexico
1421
+13
🇲🇽 Khitans · Mexico
1332
+16
🇦🇺 Muisca · Australia
1307
+17
🇲🇽 Persians · Mexico
1272
+20
🇲🇽 Hindustanis · Mexico
1357
-17
🇦🇷 Saracens · Argentina
1351
-17
🇨🇱 Maya · Chile
1330
-16
🇲🇽 Persians · Mexico
1321
-16
[A2PL]JUANDDCAB
9:36 Feudal Age
10:17 Double-Bit Axe
11:39 Fletching
12:06 Forging
13:53 Loom
17:06 Domestication
17:56 Scale Barding Armor
24:26 Castle Age
22:45 Gold Mining
26:10 Iron Casting
25:20 Light Cavalry
27:12 Chain Barding Armor
31:02 Wheelbarrow
DiegoAzul10
0:26 Loom
9:48 Feudal Age
12:03 Town Watch
12:49 Fletching
17:24 Double-Bit Axe
19:06 Horse Collar
22:46 Wheelbarrow
25:33 Castle Age
23:42 Padded Archer Armor
23:44 Gold Mining
24:11 Stone Mining
25:36 Crossbowman
26:18 Bodkin Arrow
26:51 Bow Saw
27:28 Heavy Plow
29:04 Ballistics
[A2PL]Jdbcervantes
8:57 Feudal Age
9:50 Double-Bit Axe
11:42 Loom
12:18 Horse Collar
17:16 Scale Barding Armor
18:47 Forging
20:31 Wheelbarrow
21:07 Bloodlines
24:33 Castle Age
23:57 Gold Mining
25:20 Chain Barding Armor
25:36 Iron Casting
24:22 Light Cavalry
26:20 Husbandry
A2PL Okr010
6:33 Loom
9:26 Feudal Age
10:15 Double-Bit Axe
15:11 Fletching
17:02 Padded Archer Armor
25:33 Castle Age
25:37 Crossbowman
26:13 Bodkin Arrow
MaximoMGM
0:26 Loom
9:37 Feudal Age
11:46 Double-Bit Axe
14:06 Fletching
19:04 Horse Collar
20:36 Padded Archer Armor
25:59 Castle Age
26:04 Crossbowman
26:41 Bodkin Arrow
30:01 Ballistics
30:54 Thumb Ring
NT | MCLovin1986
5:47 Loom
9:21 Feudal Age
10:01 Double-Bit Axe
13:53 Fletching
14:04 Padded Archer Armor
29:06 Castle Age
27:43 Gold Mining
27:39 Horse Collar
29:53 Bodkin Arrow
29:19 Crossbowman
30:21 Thumb Ring
kOtH
9:12 Feudal Age
8:56 Loom
15:41 Scale Barding Armor
19:59 Forging
20:01 Double-Bit Axe
22:49 Bloodlines
24:14 Wheelbarrow
26:44 Castle Age
25:41 Horse Collar
25:53 Gold Mining
26:34 Light Cavalry
27:39 Chain Barding Armor
27:55 Iron Casting
28:40 Hand Cart
Rosse SinClan
4:43 Loom
8:56 Feudal Age
10:12 Double-Bit Axe
11:05 Horse Collar
16:10 Scale Barding Armor
19:03 Forging
21:24 Bloodlines
26:46 Castle Age
26:17 Gold Mining
28:07 Iron Casting
30:39 Gold Shaft Mining
Connection lost

Rejoining the realm…

Still unreachable

The connection could not be restored.

Session expired

The server has moved on; the page needs a fresh start.